 Dungeon Crawl Stone Soup version 0.30-a0-169-g06f667207d (webtiles) character file.

Game seed: 9773084459295074186

3 qw the Shield-Bearer (level 1, -1/14 HPs)
             Began as a Gargoyle Fighter on Sept 30, 2022.
             Frozen to death by an endoplasm (5 damage)
             ... on level 1 of the Dungeon.
             The game lasted 00:00:02 (82 turns).

qw the Shield-Bearer (Gargoyle Fighter)               Turns: 82, Time: 00:00:02

Health: -1/14      AC:  9    Str: 19    XL:     1   Next: 50%
Magic:  1/1        EV:  9    Int:  8    God:
Gold:   12         SH:  4    Dex:  9    Spells: 0/0 levels left

rFire   . . .      SeeInvis .    a - +0 war axe
rCold   . . .      Faith    .    c - +0 buckler
rNeg    + . .      Spirit   .    b - +0 scale mail
rPois   inf        Reflect  .    (no helmet)
rElec   +          Harm     .    (no cloak)
rCorr   .          Rampage  .    (no gloves)
Will    .....                    (no boots)
Stlth   ..........               (no amulet)
HPRegen 0.04/turn                (no ring)
MPRegen 0.07/turn                (no ring)

@: no status effects
A: sickness immunity, AC +2, negative energy resistance 1, electricity
resistance, torment resistance 1, petrification resistance
a: no special abilities


You were on level 1 of the Dungeon.
You visited 1 branch of the dungeon, and saw 1 of its levels.

You collected 12 gold pieces.


Innate Abilities, Weirdness & Mutations

You are immune to sickness and miasma.
Your stone body is resilient. (AC +2)
You are immune to poison.
You resist negative energy. (rN+)
You are resistant to electric shocks. (rElec)
You are resistant to unholy torment.
You are immune to petrification.


   Skills:
 - Level 3.2 Fighting
 + Level 2.1 Axes
 - Level 3.2 Armour
 - Level 3.2 Shields


You couldn't memorise any spells.
You didn't know any spells.
Your spell library was empty.

Inventory:

Hand Weapons
 a - a +0 war axe (weapon)
Armour
 b - a +0 scale mail (worn)
 c - a +0 buckler (worn)
Scrolls
 e - a scroll of amnesia {unknown}
Potions
 d - a potion of might

Dungeon Overview and Level Annotations

Branches:
Dungeon (1/15)

Altars:


Message History

Press ? for a list of commands and other information.
Found a staircase leading out of the dungeon.
Assign waypoint to what number? (0-9) Waypoint 2 assigned to D:1.
0 ||| PLANNING D:1-11
Found a ring mail.
There is an empty arch of ancient stone here.
A dart slug comes into view.
A rat comes into view.
The dart slug launches a dart at you.
The slug dart hits you but does no damage.
You slash the dart slug!
You kill the dart slug!
Your Axes skill increases to level 2!
You hit the rat.
You kill the rat!
You see here a dart slug corpse.
Found an Inescapable Atlas.
Found a stone staircase leading down.
Found a leather armour.
e - a scroll labelled KUEWKOOFAU
There is a stone staircase leading down here.
You now have 5 gold pieces.
You now have 12 gold pieces (gained 7).
An endoplasm comes into view.
The endoplasm quivers.
Enter note: You hit the endoplasm.
The endoplasm is almost dead.
You block the endoplasm's attack. The endoplasm freezes you.
You are frozen.
You barely miss the endoplasm.
The endoplasm is severely wounded.
The endoplasm freezes you.
You are frozen.
You barely miss the endoplasm.
The endoplasm is severely wounded.
The endoplasm freezes you.
You are frozen.
You die...

####### #.....#
######.....#
...........#
###.........# ##<##
#......#
###...###....@J#
#...~...#.#..........
#.}.~.}.#.###########
#...~...#.#
#.7.~.7.#.#
#...~...#.#
#.}.~.}.#.#
#...~...#.#
#.7.~.7.#.#


You could see an endoplasm.

Vanquished Creatures
  A dart slug (D:1)
  A rat (D:1)
2 creatures vanquished.

Notes
Turn   | Place    | Note
-------+----------+-------------------------------------------
     0 | D:1      | qw the Gargoyle Fighter began the quest for the Orb.
     0 | D:1      | Reached XP level 1. HP: 14/14 MP: 1/1
     0 | D:1      | 0 ||| qw: Version: 0.2-a-12-gaebbb33
     0 | D:1      | 0 ||| qw: Game counter: 1386
     0 | D:1      | 0 ||| qw: Always use a shield: true
     0 | D:1      | 0 ||| qw: God list: Okawaru
     0 | D:1      | 0 ||| qw: Allow faded altars: false
     0 | D:1      | 0 ||| qw: Do Orc after D:15 true
     0 | D:1      | 0 ||| qw: Do second Lair branch before Depths: true
     0 | D:1      | 0 ||| qw: Lair rune preference: random
     0 | D:1      | 0 ||| qw: Plans: Normal, Zot:1-4, God:TSO, Crypt, Tomb,
                  | Pan, Slime:5, Hells, Abyss, Orb
     0 | D:1      | 0 ||| PLANNING D:1-11
    82 | D:1      | Frozen to death by an endoplasm

Levels and vault maps discovered:
D:1:      mainiacjoe_arrival_reflecting_pool, layout_basic,
          basic_ecumenical_altar, minmay_misc_feat_plants

Skill      XL: |  1 |
---------------+----+-----
Axes           | 2 |  2.1
Fighting       | |  3.2
Armour         | |  3.2
Shields        | |  3.2

Action                   || total
-------------------------++-------
Melee: War axe           ||     5
Armor: Scale mail        ||     1
Block: Buckler           ||     1

Table legend:
 A = Non-vault XP
 B = Vault XP
 C = Vault XP percentage of total XP
 D = Non-vault monster count
 E = Vault monster count
 F = Vault count percentage of total count
                 A         B        C        D         E       F
            +---------+---------+-------+---------+---------+-------
      Total |       5 |       0 |   0.0 |       2 |       0 |   0.0
            +---------+---------+-------+---------+---------+-------
        D:1 |       5 |       0 |   0.0 |       2 |       0 |   0.0
            +---------+---------+-------+---------+---------+-------
